[Event "44th Chess Olympiad Open 2022"]
[Site "Chennai"]
[Date "2022.08.03"]
[Round "6.24"]
[White "Adly, Ahmed"]
[Black "Barrish, Daniel"]
[Result "0-1"]
[WhiteElo "2582"]
[BlackElo "2283"]
[Annotator "TA"]
[PlyCount "136"]
[EventDate "2022.??.??"]
[TimeControl "60"]

1.
Nf3 Nf6 2. g3 c5 3. Bg2 Nc6 4. O-O e5 5. d3 d5 6. Nbd2 Be7 7. e4 d4 8. Nc4 Nd7 {[%emt 0:02:33] A08: King's Indian Attack.} 9. a4 h5 10. h4 f6 {[%emt 0:03:03]
The position is equal.} 11. Nh2 {[%emt 0:06:41] [#]} g5 $146 (
11... Nb6 $15) ({Predecessor:} 11... Nb6 12. b3 Be6 13. Qe2 g5 14. hxg5 fxg5
15. f4 g4 16. f5 Bxc4 17. bxc4 Nd7 {0-1 (43) Karataev,O (1965)-Biriukov,O 
(2374) St Petersburg 2008}) 12. Bf3 $11 g4 13. Bg2 (13. Be2 $1 $11) 13... Nb6 $15 14. b3 Be6 15. Bd2 Qd7 16. a5 Nc8 (16... Nxc4 $15 17. bxc4
O-O-O) 17. f3 $11 Rg8 (17... Nb4 $11) 18.
fxg4 $16 hxg4 {[%emt 0:00:07] [#]} 19. Rf2 (
19. Rf5 $1 $14) 19... Rb8 20. Qf1 (20. Qe2
$11) 20... b5 21. axb6 $1 axb6 22. Ra6 b5 23. Na5 Nxa5 24. Bxa5 Kf7 {[%emt 0:03:12] [#]} (24... Rf8
$1 $11) 25. Bd2 (25. Rf5 $1 $16 ) 25... Nd6 $11 26. Bg5 Rg6 27.
Qc1 c4 28. h5 Rg7 29. bxc4 bxc4 30. Ra5 Nb5 {[%emt 0:09:09] Strongly threatening ...Nc3.} 31. Bh4 {[%emt 0:04:35]
aiming for Qh6.} Rh8 {[%emt 0:09:29] Prevents Qh6.} 32. Qf1 (
32. Qb1 $5 Nc3 33. Qf1 Rxh5 34. Bxf6 Bxf6 35. Rxf6+ Kg8 36. Ra8+
(36. dxc4 Qe7 $11) 36... Kh7 37. Rff8 $11 (37. dxc4 Qe7 $15)) 32... Rh6 33. dxc4 Nd6 34. Rxe5 (34. Qa1 $11 Kg8 35. Ra7) 34... Nxc4 $15 35.
Bg5 Nxe5 (35... Ne3 36. Qa1 Qc7 37. Qxd4 (37.
Bxh6 Qxe5 38. Bxg7 Kxg7 $16) 37... Nxc2 38. Qb2 $16) 36. Bxh6 Rh7 37. Bg5 Qd8 $1 {[%emt 0:00:
00] Black has compensation.} 38. h6 (38. Qb5 $15 Kg8 39. h6)
38... Kg6 $19 (38... Bc4 39. Qd1 Be6 40. Bf4 $11) 39. Bf4 d3 40. Kh1 Bc5 41. Rd2 Bb4 {[%emt 0:03:13] Active counter play!} (41...
Qd4 $1 $19 42. Rd1 (42. cxd3 Ra7 $17) 42... Ra7) 42. Rd1 $1 $15 (42. Rxd3 $2 Nxd3 43. cxd3 Bf8 $17) 42... d2 43.
Qb5 $1 Bc3 44. Nf1 $1 Bc4 45. Qc5 Be2 $1 {[%emt 0:00:00] ...Rc7 is the
strong threat.} 46. Rxd2 Bxd2 47. Nxd2 Qe7 (47... Rf7 $15) 48. Qc8 $1 $11 {[%emt 0:
00:00] Black must now prevent Qf5+.} Qd7 $36 {[%emt 0:01:56] Prevents Qf5+.
White is under pressure.} 49. Qc5 (49. Qg8+ $11 Kh5 50. Be3)
49... Nf3 (49... Rf7 $15) 50. Qf2 {[%emt 0:00:00] [#]} (50.
Bxf3 $11 {feels stronger.} gxf3 51. Kh2) 50... Qd4 $1 {[%emt 0:03:57] The
board is on fire.} 51. Qxd4 Nxd4 52. c4 (52. e5 $15) 52... Ne6 $17 53. Be3 Ng5 $1 54. Kg1 Rc7 (54... Rxh6 $17 55. Kf2 Rh2) 55. c5 Bb5 56. Kf2 (56.
e5 $1 $15) 56... Bc6 (56... Ra7 $17 {And now ...Nh3+ would
win.} 57. Bxg5 fxg5) 57. Bf4 (57. Bf1 $11 {remains equal.})
57... Re7 ({Black should try} 57... Ra7 $1 $17 {Hoping for ...
Ra2.} 58. h7 Kxh7 59. Bxg5 fxg5) 58. Bd6 {[%emt 0:00:00] [#]} (58. Bf1 $15)
58... Re8 ({Black should play} 58... Ra7 $1 $19 59. Bf1 Ra3)
59. Bf1 Bxe4 ({But not} 59... Nxe4+ $6 60.
Nxe4 Bxe4 61. Bb5 $11) (59... Kxh6 $17 60. Bd3 Bxe4) 60. Bb5 $15 Ra8 61. c6 Bf5 $1 {[%emt 0:01:49]
Threatens to win with ...Rd8.} 62. c7 {[%emt 0:00:24] [#] Inhibits Rd8.} ({
Better is} 62. Ke3 $1 $15) 62... Ra2 $1 $19 63. Bf4 $2 (63. Bb4 Rc2 64. Ba5) 63... Ne4+ {[%emt 0:00:31] Black is
clearly winning.} 64. Ke3 Nxd2 65. Be8+ Kh7 66. Bb5 Nf3 67. Bc6 Ra3+ 68. Kf2 Rc3 {[%emt 0:00:34] Weighted Error Value: White=0.25 (precise) /Black=0.26 
(precise)} 0-1

[Event "44th Chess Olympiad Open 2022"]
[Site "Chennai"]
[Date "2022.08.03"]
[Round "6.24"]
[White "Wageih, Kareim"]
[Black "Kobese, Watu"]
[Result "1-0"]
[WhiteElo "2387"]
[BlackElo "2311"]
[Annotator "TA"]
[PlyCount "113"]
[EventDate "2022.??.??"]
[TimeControl "60"]

1. d4 Nf6 2. c4 g6 3. Nc3 Bg7 4. Nf3 O-O 5. g3 d6 6. Bg2 Nbd7 7. O-O e5 8. dxe5 dxe5 9. Be3 c6 10. h3 Qe7 11. Qb3 Ne8
{[%emt 0:19:43] E67: King's Indian: Fianchetto: 6...Nbd7.} 12. c5 {[%emt 0:00:
00] [#]} Kh8 $146 (12... Nxc5 13. Qa3 b6 14. Na4 $16 (14. Ne4
Nd6 $14)) ({Predecessor:} 12... Ndf6 13. Rad1 Be6 14. Qa3 Nd5 15. Nxd5 Bxd5 16.
Bg5 f6 17. Bc1 Nc7 18. Nd2 e4 19. Nb1 {½-½ (31) Kostiuchenko,A-Kwiatkowski,S
Kiev 1959}) 13. Ne4 f5 {[%emt 0:05:00] Black is slightly
better.} 14. Nd6 Nxd6 15. cxd6 Qxd6 16. Ng5 $1 f4 ({
Better is} 16... Qe7 $1 $15 17. Ne6 Re8 18. Nxg7 Qxg7) 17. Nf7+ $1 $11 Rxf7 $1 18. Qxf7 fxe3 19. fxe3 {[%emt 0:00:07] Really sharp!} Nf6 {[%emt 0:00:
00] Inhibits Qe8+.} (19... Bf8 $11 {and Black is okay.}) 20. Rad1 $18 Be6 {[%emt 0:04:36] [#] Hoping for ...Qxd1.} 21. Qxg7+ $1 (21. Rxd6 Bxf7 22. Rfxf6 Bxf6 23. Rxf6 Bxa2 $17) (21. Qxb7 $6 Qf8 $11)
21... Kxg7 22. Rxd6 Kf7 23.
a3 Ke7 24. Rd2 a5 25. g4 g5 26. Rc1 e4 27. Rd4 Bd5 28. Kh2 Ra6 29. Kg3 Ke6 (29... Ra8 $16 30. a4 h5) 30. h4 h6 31.
hxg5 hxg5 32. Rf1 Ra8 33. Rh1 (33. Rdd1 $18) 33... Kf7 $16 34. Rf1 (34. b3 $16) 34... Kg6 (34...
Ke6 $1 $11 {remains equal.}) 35. a4 Ra6 36.
b4 axb4 37. Rxb4 c5 $2 (37... b6 $16 38. Rh1 Ra5) 38. Rb5 $18 Rxa4 39. Rxc5 {[%emt 0:00:12][%cal Yf1f6] [#] Strongly threatening
Rxf6+!} Be6 40. Rc3 $2 ({Don't do} 40. Re5 $6
Bxg4 41. Rb1 (41. Bxe4+ Nxe4+ 42. Kxg4 Nd2+ 43. e4 Nxf1 $11) 41... Kh5 42. Rh1+
(42. Rxb7 Ra3 $18) 42... Kg6 $18) (40. Rb5 $18) 40... Ra2 (
40... Rb4 $142 41. Ra3 Bd7) 41. Rd1 {[%emt 0:06:14] And now Rd6 would win.} Ra5 (41... Ra6 $16 42. Rb1 Bxg4) 42. Rd4 Re5 43. Rc7 {[%emt 0:03:43] Threatens to win with Re7.} Bd5 44. Bh1 Re8 $2 (44... Bc6 {
was worth a try.} 45. Rd6 Re8) 45. Bg2 (45. Rc5 $142) 45...
Re5 46. Bh1 $2 (46. Rd1) 46... Re8 47. Rc5 Bc6 48. Rd6 {[%emt 0:01:07]
Against Re6} Bd7 49. Bg2 Bc6 $2 (49... Re6) 50. Rf5 Rf8 51. Re5 Kf7 52. Rxg5 Ke7 53. Rd4 Ke6 54. Ra5 Rg8 55. Bh3 {[%emt 0:01:30] aiming for g5+.} b6 (
55... Bd5 $18 56. Rb5 Ke5) 56. g5+ Ke7 57.
Re5+ {[%emt 0:00:08] Weighted Error Value: White=0.28 (precise) /Black=0.47}
1-0

[Event "44th Chess Olympiad Open 2022"]
[Site "Chennai"]
[Date "2022.08.03"]
[Round "6.24"]
[White "Solomon, Kenny"]
[Black "Amin, Bassem"]
[Result "0-1"]
[WhiteElo "2355"]
[BlackElo "2680"]
[Annotator "TA"]
[PlyCount "96"]
[EventDate "2022.??.??"]
[TimeControl "60"]

1. e4 g6 2. d4 Bg7 3. Nc3 c6 4. Nf3 d6 5. h3 Nf6 6. Be3 b5 7. Bd3 O-O 8. O-O Nbd7 {[%emt 0:01:20] B08: Pirc Defence: Classical System.} 9.
Re1 e5 10. dxe5 dxe5 {
[%emt 0:00:06] White has an edge.} 11. a4 b4 12. Ne2 Qe7 13. Qd2 a5 {
[%emt 0:00:32] [#]} 14. Bh6 $146 ({Predecessor:} 14. Ng3 Nc5
15. Qe2 Rd8 16. Bc4 h6 17. Bxf7+ Kxf7 18. Qc4+ Ne6 19. Nxe5+ Kg8 20. Nxg6 {
½-½ (66) Hou,Y (2663)-Anton Guijarro,D (2627) Almaty 2016}) 14... Rd8 15. Bxg7 Kxg7 16. Ng3 Ne8 17. Qe3 f6 18. h4 Qc5 19. Qc1 Nf8 20. h5 Ne6 21. h6+ Kf8 22. Ne2 Nd6 {[%emt 0:09:51] Black converts the advantage convincingly.} 23. Nd2 Ng5 24. Nb3 (24. Ng3 $142)
24... Qa7 (24... Qb6 $142 25. Ng3 Ndf7) 25. Ng3 Be6 26. Nd2 Ndf7 {[%emt 0:02:45] Black
is much more active.} 27. Nf3 (27. Nc4 $17 {was necessary.})
27... Nxf3+ $19 28. gxf3 {[%emt 0:00:02] [#]} Ng5 $1 29. Qe3 {[%emt 0:01:35] [#]} Qxe3 $1 30. Rxe3 Nf7 31. Ne2 g5 {[%emt 0:00:
00] Prevents f4.} 32. Kg2 Nxh6 33. Rh1 Kg7 34. Ng3 Ng8 35. Nh5+ Kg6 36. Ree1 b3 {[%emt 0:04:28] Strongly threatening ...Rab8.} 37. Re3 Rab8
{[%emt 0:00:27] ...bxc2 is the strong threat.} 38. c3 Rd7 {
[%emt 0:00:20] White must now prevent ...Rbd8.} 39. Ng3 Rbd8 40. Be2 Rd2 41. Rb1 Ne7 {[%emt 0:31:55][%cal Yg8e7,Ye7g6,Yg6f4,Yf4d3,Yd3c5] Threatens to
win with ...Kf7.} 42. Nf1 (42. c4 $142) 42... R2d7 43. c4 Rb8 44. Rc1 (
44. Rd1 {is a better defense.} Rd4 45. Red3) 44... Kf7 45. Bd1 Ng6 46. Bxb3 Nf4+ 47. Kh2 Nd3 48. Rc3 Nc5 {[%emt 0:00:00] Weighted Error Value: White=0.23 (precise) /Black=0.07 
(flawless)} 0-1

[Event "44th Chess Olympiad Open 2022"]
[Site "Chennai"]
[Date "2022.08.03"]
[Round "6.25"]
[White "Subelj, Jan"]
[Black "Zambrana, Osvaldo"]
[Result "1/2-1/2"]
[WhiteElo "2498"]
[BlackElo "2417"]
[Annotator "TA"]
[PlyCount "120"]
[EventDate "2022.??.??"]
[TimeControl "60"]

1. e4 c5 2. Nf3 Nc6 3. Bb5 d6 4. O-O Bd7 5. Re1 Nf6 6. c3 a6 7. Bf1 Bg4 8. h3 Bh5 9. g4 {[%emt 0:02:28] B51: Sicilian: Moscow
Variation (3 Bb5+) without 3...Bd7.} Bg6 10. d4 $1 cxd4 (10... Nxe4 11. d5 Nb8 12. Rxe4 $1 Bxe4 13. Qa4+
Nd7 14. Qxe4 $16) 11. cxd4 {[%emt 0:00:17] White is slightly better.} d5 (11... Nxe4 $2 12. d5 Nb8 13. Rxe4 $1 (13. Qa4+ Nd7 $18) 13...
Bxe4 14. Qa4+ Nd7 15. Qxe4 $16) 12. exd5 Nxd5 13. Nc3 e6 14. Nxd5 Qxd5 15. Bg2 {[%emt 0:00:06] Bg5 is the strong threat.} Bb4 {
[%emt 0:09:58] [#]} 16. Ne5 $1 Qb5 17. Bd2 {
[%emt 0:11:28] [#]} (17. a4 $16 Qb6 18. a5 Nxa5 19. Qa4+ Qb5 20. Nxg6 hxg6 21.
Qxb5+ axb5 22. Re5) 17... Bxd2 $146 (17... Nxd4 $11 {remains
equal.} 18. Bc3 Rd8) ({Predecessor:} 17... O-O 18. a4 Qa5 19. Nxc6 bxc6 20. Re5
Qb6 21. Bc3 Bd6 22. a5 Qa7 23. Re1 Rac8 {½-½ (47) Priyadharshan,K (2433)
-Gareyev,T (2640) Arlington 2014}) 18. Qxd2 Rd8 (18... Nxe5 $142 19. Rxe5 Qb6) 19. Nxc6 (19. a4 $16 Qb6
20. Bxc6+ bxc6 21. Qc3) 19... bxc6 $14 20. Rac1 Rd6 21. Qf4 Ke7 {[%emt 0:00:02] [#]} 22.
Rc5 ({Better is} 22. Qe3 $1 $16) 22... Qb4 23. Rec1 {[%emt 0:00:16] And now R5c4 would win.} Qxd4 24.
Qxd4 Rxd4 25. Rxc6 Rb8 26. b3 a5 27. Ra6 Rb5 28. Rc7+ Kd8 (
28... Kf6 $1 $11 {keeps the balance.}) 29. Rca7 Rd1+ 30. Kh2 Rd2 31. Bc6 Rb4 32. Kg3 ({Don't play} 32.
Rxa5 Rxf2+ 33. Kg3 Rc2 $11) 32... Rd6 33. Ba4 Rd3+ ({Black should try} 33... Rxa6 $1 $14 34. Rxa6 Bb1) 34.
f3 $18 e5 35. Rxa5 e4 36. Re5 f6 {[%emt 0:00:
19] [#]} 37. Ree7 (37. Re6 $1 $18 Rxf3+ 38. Kg2) 37... Rxf3+
$14 38. Kg2 {[%emt 0:03:20] White wants to mate with Red7+.
White is more active.} Rd4 39. Rad7+ ({
Much weaker is} 39. Rxg7 $6 Rd2+ 40. Kg1 Rd1+ 41. Kh2 Rd2+ 42. Kg1 Rd1+ 43. Kh2
Rd2+ 44. Kg1 $11) 39... Rxd7 40. Rxd7+ {[%emt 0:00:04]
Endgame KRB-KRB} Kc8 (40... Ke8 $14) 41. Rxg7 $16 {[%emt 0:30:
34] aiming for h4.} Rc3 42. Rg8+ (42. h4 $16
{Threatens to win with h5.} Rc2+ 43. Kg3) 42... Kc7 $11 {[%emt 0:02:03] The
position is equal.} 43. Be8 Kd6 44. Bxg6 hxg6 45. Rxg6 {[%emt 0:00:00] KR-KR} Ke5 46. h4 Rc2+ 47. Kg3 Rxa2 48. Rg8 Rc2 49.
Re8+ Kd4 50. Rd8+ Ke5 51. h5 Rc3+ 52. Kh4 Rxb3 53. h6 {[%emt 0:00:00] Intending h7 and mate.}
Rb1 54. Kh5 Rh1+ 55. Kg6 Rh4 56. Re8+ Kf4 57. h7 Rxg4+ 58. Kxf6 Rh4 59. h8=R Rxh8 60. Rxh8 e3 {[%emt 0:00:00] Black defended with fortune. Weighted Error
Value: White=0.14 (very precise) /Black=0.16 (very precise)} 1/2-1/2

[Event "44th Chess Olympiad Open 2022"]
[Site "Chennai"]
[Date "2022.08.03"]
[Round "6.25"]
[White "Dobrovoljc, Vid"]
[Black "Mendoza, Rodrigo"]
[Result "1-0"]
[WhiteElo "2398"]
[BlackElo "2215"]
[Annotator "TA"]
[PlyCount "77"]
[EventDate "2022.??.??"]
[TimeControl "60"]

1. e4 c6 2. d4 d5 3. e5 Bf5 4. Nf3 e6 5. Be2 Nd7 6. O-O Bg6 7. Nbd2 {[%emt 0:01:38] B12: Caro-Kann:
Advance Variation.} Nh6 8. Nb3 Nf5 9. a4 {[%emt 0:02:13] White has an edge.} a6 10. Bd2 c5 {[%emt 0:05:35] [#]} 11. dxc5 $146 ({
Predecessor:} 11. c4 dxc4 12. Bxc4 cxd4 13. Re1 Be7 14. a5 O-O 15. Bd3 Nc5 16.
Nxc5 Bxc5 17. b4 {0-1 (71) Can,M (2105)-Torres Hernandez,L (1884) Chess.com
INT 2021}) 11... Nxc5 12. c4 Rc8 (12... dxc4 $11 13. Bxc4 Be7) 13. Rc1 {[%emt 0:07:27] [#] aiming for cxd5.
} d4 14. Nxc5 Bxc5 15. Ne1 Ne7 (15... a5 $11) 16. Nd3 (
16. b4 $14 Bb6 17. a5) 16... Ba7 ({Black should try} 16... a5
$11) 17. Re1 O-O 18. Bf1 (
18. a5 $16) 18... Qd7 (18... a5 $1 $11 {keeps the balance.})
19. b4 Rc7 20. Qb3 h6 21. b5 Bxd3 22. Bxd3 {[%emt 0:00:00] [#] b6 is the strong threat.} Bc5 23. Be4 f5 24. exf6 $1 Rxf6 25. Qd3 Rc8 26. Re2 Rcf8 27. g3 Ra8 (27... b6 $16 {was worth a try.}) 28. a5 $18 Raf8 29. Rb1 Nf5 30. Bg2 {
[%emt 0:02:17] This bishop pair is nice.} Nd6 31. Bf4 Nf7 32. Bd2 {[%emt 0:01:22] 0x0.
0016811165cedp-1022s more active pieces.} (32. h4 $16) 32... Qd6 $2 (32... Nd6 $1 $11 {and Black has nothing to worry.}) 33. Rbe1 axb5 (33... b6 $16 34. f4 (34. bxa6 bxa5 35. a7 Bxa7
$16) 34... bxa5) 34. cxb5 Qd7 35. Rc1 b6 36. a6 e5 37. Ra1 {[%emt 0:00:44] And now a7 would win. White is winning.} Qa7 38. Kh1 Nd6 39. f4 {[%emt 0:00:09]
Weighted Error Value: White=0.18 (very precise) /Black=0.34} 1-0

[Event "44th Chess Olympiad Open 2022"]
[Site "Chennai"]
[Date "2022.08.03"]
[Round "6.25"]
[White "Gemy, Jose Daniel"]
[Black "Sebenik, Matej"]
[Result "1/2-1/2"]
[WhiteElo "2373"]
[BlackElo "2512"]
[Annotator "TA"]
[PlyCount "41"]
[EventDate "2022.??.??"]
[TimeControl "60"]

1. e4 e6 2. d4 d5 3. Nd2 c5 4. Ngf3 Nc6 5. exd5 exd5 6.
Bb5 Qe7+ $1 {[%emt 0:00:20] is recently more successful than
6...Bd6.} 7. Be2 Qc7 {[%emt 0:00:30] C09: French Tarrasch: 3..
.c5 4 exd5 exd5 5 Ngf3 Nc6.} 8. O-O Nf6 9.
dxc5 Bxc5 {[%emt 0:00:10] White has an edge.} 10. Nb3 Be7 11. Bg5 Bf5 {[%emt 0:16:
21] [#]} 12. Nbd4 $146 ({Predecessor:} 12. Bd3 Be4 13. Re1 O-O
14. c3 Rad8 15. Qe2 h6 16. Bxf6 Bxd3 17. Qxd3 Bxf6 18. g3 {½-½ (40) Garcia,
F-Cravens,D (2231) IECC email 2015}) 12... Be4 {[%emt 0:00:00] The position is
equal.} 13. c3 O-O 14. Bh4 Rfe8 15. Re1 a6 16. Bg3 Qb6 17. Qb3 Qa7 18. Qa4 Qb6 19. Qb3 Qa7 20. Qa4 Qb6 21. Qb3 {
[%emt 0:00:02] Not much happened in this game. Weighted Error Value: White=0.
05 (flawless) /Black=0.03 (flawless)} 1/2-1/2

[Event "44th Chess Olympiad Open 2022"]
[Site "Chennai"]
[Date "2022.08.03"]
[Round "6.25"]
[White "Pinto, Daniel"]
[Black "Markoja, Boris"]
[Result "0-1"]
[WhiteElo "2249"]
[BlackElo "2452"]
[Annotator "TA"]
[PlyCount "138"]
[EventDate "2022.??.??"]
[TimeControl "60"]

1. e4 e6 2. d4 d5 3. Nd2 c5 4. Ngf3 cxd4 5. Nxd4 Nc6 6. Bb5 Bd7 7. Nxc6 bxc6 8. Bd3 Bd6 9. O-O Qc7 10. h3 {[%emt 0:01:13] C07: French Tarrasch: 3...c5, 4 Ngf3
and 4 exd5 Qxd5.} Ne7 11. c4 O-O 12. Nf3 {[%emt 0:14:55] The position is equal.} dxe4 13.
Bxe4 f5 14. Bc2 c5 {[%emt 0:
00:00] [#]} 15. Bg5 $146 (15. Bd2 $5 ) ({
Predecessor:} 15. Re1 Rae8 16. b4 cxb4 17. Bb2 Ng6 18. c5 Bxc5 19. Bb3 Rd8 20.
Rc1 Qb6 21. Rxc5 Qxc5 22. Ng5 h6 23. Rxe6 Bxe6 24. Bxe6+ Kh8 25. Qh5 Ne5 26.
Bb3 Rd2 {0-1 (26) Barrientos Chavarriaga,S (2481)-Kaufman,R (2300) Alajuela
2014}) 15... Rae8 16. Qd2 Nc8 17. Rad1 e5 {[%emt 0:05:44] Inhibits Bf4.} ({
Black should try} 17... Bc6 $15) 18. Ne1 ({Don't blunder} 18.
Qd5+ $2 Be6 19. Qd2 e4 $19) (18. Nh4 $11) 18... h6 19. Bh4 (19. Be3 $142) 19... Bc6 20. f3 (20. f4 $17) 20... e4 $19 21. fxe4 fxe4 22. Rxf8+ Rxf8 23. Qe2 Qf7 (23... Bh2+ $142 24. Kh1 Bg3 25. Bxg3 Qxg3
26. Bxe4 Bxe4) 24. Bf2 Qf4 (24... Qf5 $142
25. Qe3 Qf6) 25. Rxd6 Nxd6 ({Worse is} 25...
Qxd6 26. Qe3) 26. Bxc5 a5 {[%emt 0:00:45] And now ...Rf7
would win.} 27. a3 $2 (27. b4 $17) 27... a4 28. b4 axb3 $1 {[%emt 0:00:29] Dancing on a razor blade.} 29.
Bxb3 {[%emt 0:00:00] aiming for Bxd6.} Kh7 30. Nc2 Rb8 31. Nb4 {[%emt 0:01:00] [#]} Nf5 $1 32. Bc2 Bb7 33. Qg4 (
33. Bf2) 33... Qe5 34. Bf2 Ra8 35. a4 Re8 {[%emt 0:01:58] Threatens to win with ...Rc8.}
36. c5 Bc8 37. Qd1 e3 38. Be1 Qxc5 39. Qf3 (39. Qd5 $142 Qxd5 40. Nxd5) 39... Kh8 40. Bd3 Nd4 41. Qf7 (41. Qd5 $142
Qxd5 42. Nxd5) 41... Rf8 42. Qd5 Qc1 43. Qxd4 {[%emt 0:01:18] Strongly threatening Nc2.} Qxe1+ 44. Kh2 Qf2 {[%emt 0:01:12] White must now
prevent ...Bb7.} 45. Nc2 (45. Qe4 $142 Qf4+ 46. Qxf4 Rxf4 47.
Nc2) 45... Re8 46. Bg6 {[%emt 0:00:52] [#]} Bb7 $1 47. Qg4 (47. Nxe3 Qxe3) 47...
Rd8 48. Qg3 Qxg3+ 49. Kxg3 {
[%emt 0:00:10] Endgame KRB-KBN} e2 50. Bh5 Rd2 51. Ne1 Bc6 52. Kf2 Bxa4 53. Ke3 Ra2 54. Bxe2 g6 55. Nf3 Kg7 56. Nd4 Kf6 57. Bf3 $2 (57. h4 {is a better defense.}) 57... Bd7 58.
Ne2 $2 (58. Be2) 58... Ke5 59. Nf4 Bf5 60. Ne2 Ra3+ 61.
Kf2 Bd3 62. Ng1 Bc4 63. h4 Ra1 64. Nh3 Be6 {[%emt 0:01:35] ( -> ...Bxh3)} 65. Kg3 (65. Ng1
$19) 65... Bxh3 66. Kxh3 {[%emt 0:00:05] [#]} Kf4 $1 67. Kh2 Rb1 68. Bc6 Kg4 (68... Rb2 $142 69. Kh3 Rb3+ 70. Kh2 g5
71. Bd5 Rd3 72. Bc4 Rc3 73. Bd5 Rd3 74. Bb7 g4 75. g3+ Rxg3 76. h5 Rh3+ 77. Kg2
Rxh5 78. Bc6 g3 79. Kf1 Rh2 80. Bd7 h5 81. Be6 h4 82. Kg1 h3 83. Kf1 Rf2+ 84.
Ke1 h2 85. Bd5 Ke3 86. Bh1 g2 87. Bxg2 Rxg2 88. Kf1 h1=Q#) 69. Be8 Rb6 {[%emt 0:00:15] Weighted Error Value: White=0.63/Black=0.42} (69... g5
$142 70. Bd7+ Kxh4 71. g3+ Kh5) 0-1

[Event "44th Chess Olympiad Open 2022"]
[Site "Chennai"]
[Date "2022.08.03"]
[Round "6.26"]
[White "Perez Gormaz, Matias"]
[Black "Castro Silva, Moises Antonio"]
[Result "1-0"]
[WhiteElo "2387"]
[BlackElo "2237"]
[Annotator "TA"]
[PlyCount "51"]
[EventDate "2022.??.??"]
[TimeControl "60"]

1. e4 c5 2. Nf3 e6 3. b3 b6 4. d4 cxd4 5. Nxd4 Bb7 6.
Nd2 {[%emt 0:00:18] B40: Sicilian: 2...e6, Unusual lines.} Bb4 7. Bb2 Nf6 {[%emt 0:04:25] [#]} 8. a3 $146 {[%emt 0:13:12]
White has an edge.} (8. c3 $5 Bc5 9. Bd3 $11) ({Predecessor:} 8.
c3 Bc5 9. Bd3 Nc6 10. O-O O-O 11. Qe2 Bxd4 12. cxd4 Nb4 13. Bb1 Ba6 14. Nc4 {
0-1 (25) Wieczorek,O (2505)-Kuzmicz,K (2469) Warsaw 2022}) 8... Bxd2+ 9. Qxd2 Nxe4 10. Qe3 O-O 11. O-O-O $1 d5 12. f3 Nd6 13. Qe5 {[%emt 0:24:12][%cal Yd4c6] [#]
Strongly threatening Nc6!} Ne8 14. h4 Nd7 15. Qg3 Qc7 16. Qf2 (16. Qxc7 $15 Nxc7 17. h5) 16... Nef6 (16... e5 $17 17. Nf5 Nc5) 17. h5 $11 h6 18. Kb1 a6 (18... Kh8 $11) 19. g4 $1 $14 Nc5 {[%emt 0:01:31] [#]} (19... Rae8 $11) 20.
g5 $1 $18 hxg5 21. h6 gxh6 {
[%emt 0:02:19] Black cannot hold the game after this.} (21... g6 $16) 22. Rxh6
{[%emt 0:01:41] White is clearly winning.} Nh7 23. b4 Rae8 24. bxc5 bxc5 25. Bd3 f5 26. Rg6+ {[%emt 0:00:48]
Weighted Error Value: White=0.09 (flawless) / Black=0.41} 1-0

[Event "44th Chess Olympiad Open 2022"]
[Site "Chennai"]
[Date "2022.08.03"]
[Round "6.26"]
[White "Rohl Montes, Juan Armando"]
[Black "Henriquez Villagra, Cristobal"]
[Result "0-1"]
[WhiteElo "2382"]
[BlackElo "2620"]
[Annotator "TA"]
[PlyCount "88"]
[EventDate "2022.??.??"]
[TimeControl "60"]

1. e4 c6 2. d4 d5 3. Nd2 dxe4 4. Nxe4 Nd7 5. Ng5 h6 {
[%emt 0:00:53] [#]} 6. Ne6 {[%emt 0:01:01] B17: Caro-Kann: Modern Line (4...
Nd7).} Qb6 {[%emt 0:00:16] 6...Qa5+ is not played anymore.} 7. Nxf8 Nxf8 8. c3 {[%emt 0:02:23] White is slightly better.}
Bf5 9. Nf3 Ng6 10. Be2 Nf6 11. O-O O-O 12. Re1 Rad8 13. Qb3 Qc7 14. Bf1 Rfe8 15. h3 {
[%emt 0:07:23] [#]} e6 $146 ({Predecessor:} 15... Be4 16. Nd2
Bd5 17. Qc2 c5 18. dxc5 Qxc5 19. Nb3 Qc7 20. Be3 Nh4 21. Rad1 a6 {1-0 (92)
Howell,D (2658)-Van Foreest,J (2701) chess24.com INT 2021}) 16. a4 b6 17. Be3 Nf4 (17...
Nd5 $11) 18. c4 $14 g5 19. Ne5 c5 20. Rad1 $1 Ne4 21.
Bxf4 gxf4 22. Qf3 Ng5 23. Qc6 Qe7 24. d5 (24. dxc5 $1 $14 f6 25. Nd3) 24... f6 $132 {
[%emt 0:00:36] Black has counterplay} 25. Nd3 (25. Ng4 $5 Kg7 26. a5 $11) 25... Rc8 26. Qb5 Qg7 27. Nxf4 {[%emt 0:01:33] [#] aiming for Re3.} Nf3+ $1 28. Kh1 Nxe1 29. Rxe1 e5 30. Nh5 Qf7 31. Ng3 Bg6 32.
Kg1 f5 33. Qb3 e4 34. Ne2 f4 {[%emt 0:01:55] Against Qe3. Black is more
active.} 35. g3 $1 fxg3 36. Nxg3 e3 37. Rxe3 Rf8 38. Nh1 Rce8 39. Bg2 (39. Rg3 $17
Kh7 40. Bd3 Bxd3 41. Qxd3+ Qf5 42. Kf1 (42. Qc3 Rf7 $17)) 39... Qf4 $19 40. Qc3 Rxe3 41. fxe3 Qg5 {[%emt 0:31:44] Threatens to win with ...Be4.} 42. Kh2 $2 (42. Nf2 {is the only way for White.}) 42... Re8 43. d6 $2 (43. e4 Bxe4 44. Bf1) 43... Rxe3 44. Bd5+ Kh7 {[%emt 0:00:00] Weighted Error Value:
White=0.34/Black=0.05 (flawless)} 0-1